 Dungeon Crawl Stone Soup version 0.29-a0-359-g541a27f54d (webtiles) character file.

Game seed: 6413826154440012325

172 freelancePsychic the Magician (level 5, -17/39 HPs)
             Began as a Demonspawn Hedge Wizard on Apr 28, 2022.
             Killed by an exploding orc (20 damage)
             ... ignited by their inner flame
             ... on level 4 of the Dungeon.
             The game lasted 00:08:47 (4049 turns).

freelancePsychic the Magician (DsWz)                Turns: 4049, Time: 00:08:47

Health: -17/39     AC:  8    Str: 10    XL:     5   Next: 27%
Magic:  9/9        EV: 10    Int: 18    God:
Gold:   98         SH:  0    Dex: 12    Spells: 5/10 levels left

rFire   . . .      SeeInvis .   g - +0 dagger (venom)
rCold   . . .      Faith    .   (no shield)
rNeg    . . .      Spirit   .   n - +0 swamp dragon scales
rPois   +          Reflect  .   c - +0 hat
rElec   .          Harm     .   (no cloak)
rCorr   .          Rampage  .   (no gloves)
Will    .....                   (no boots)
Stlth   +.........              (no amulet)
HPRegen 0.13/turn               (no ring)
MPRegen 0.22/turn               (no ring)

@: no status effects
A: magic regeneration, sharp scales 1
a: no special abilities


You were on level 4 of the Dungeon.
You visited 1 branch of the dungeon, and saw 4 of its levels.

You collected 98 gold pieces.

Inventory:

Hand Weapons
 a - a +0 dagger
 g - a +0 dagger of venom (weapon)
Missiles
 k - 117 stones
Armour
 b - a +0 robe
 c - a +0 hat (worn)
 n - +0 swamp dragon scales (worn)
Scrolls
 l - 2 scrolls of amnesia
 o - a scroll of fog
Potions
 d - a potion of magic
 f - a potion of flight
 j - 2 potions of brilliance
 m - 2 potions of attraction


   Skills:
 + Level 2.5 Fighting
 - Level 1.4 Short Blades
 - Level 1.7 Dodging
 - Level 1.7 Stealth
 - Level 3.0 Spellcasting
 + Level 2.6 Conjurations
 - Level 1.0 Summonings
 - Level 0.8 Translocations
 * Level 2.3 Earth Magic


You had 5 spell levels left.
You knew the following spells:

 Your Spells              Type           Power      Damage    Failure   Level
a - Magic Dart            Conj           48%        1d5       14%         1
b - Sandblast             Erth           22%        2d7       16%         1
c - Stone Arrow           Conj/Erth      22%        3d8       43%         3

Your spell library contained the following spells:

 Spells                   Type           Power      Damage    Failure   Level
 Passwall                 Tmut/Erth      5%         N/A       36%         2
 Slow                     Hex            8%         N/A       38%         1
 Call Imp                 Summ           6%         N/A       38%         2
 Blink                    Tloc           10%        N/A       41%         2
 Conjure Flame            Conj/Fire      7%         6-21      58%         3
 Mephitic Cloud           Conj/Pois/Air  5%         N/A       65%         3


Dungeon Overview and Level Annotations

Branches:
Dungeon (4/15)
 Temple: D:4-7

Altars:
Qazlal


Innate Abilities, Weirdness & Mutations

You regenerate magic rapidly.
You are partially covered in razor-sharp scales. (AC +1, Slay +1)


Message History

The orc priest invokes the aid of Beogh against you.
Pain shoots through your body!
* * * LOW HITPOINT WARNING * * *
You hit the orc priest.
The orc priest looks as sick as possible!
The orc priest is severely wounded.
Your surroundings suddenly seem different.
An orc priest and 3 orcs come into view.
Found a stone staircase leading up.
The orc shouts!
The orc priest shouts!
The orc shouts! x2
The orc priest hits you with a +0 mace!
* * * LOW HITPOINT WARNING * * *
Okay, then.
Okay, then.
You barely miss the orc priest.
You hit the orc priest but do no damage.
The orc priest barely misses you.
You feel a bit more experienced.
You hit the orc priest but do no damage.
The orc priest is poisoned.
The orc priest barely misses you.
You hit the orc priest.
The orc priest is moderately wounded.
The orc priest hits you with a +0 mace.
* * * LOW HITPOINT WARNING * * *
You hit the orc priest but do no damage.
The orc priest looks as sick as possible!
The orc priest is moderately wounded.
You hit the orc.
The orc is lightly wounded.
Okay, then.
Okay, then.
Really read the scroll of immolation?
As you read the scroll of immolation, it crumbles to dust.
The creatures around you are filled with an inner flame!
The orc priest explodes!
The fiery explosion engulfs the orc!
The fiery explosion engulfs the orc!!
The orc explodes!
The fiery explosion engulfs the orc!!!
The fiery explosion engulfs you!!
Ouch! That really hurt!
You die...

## ##.#
##.#.§§####
.<...§§§@.+
##....§####
###..# #.#
#. #


There were no monsters in sight!

Vanquished Creatures
  2 orc priests (D:4)
  An iguana (D:4)
  2 adders
  A worm (D:2)
  2 dart slugs (D:1)
  14 orcs
  An endoplasm (D:1)
  3 giant cockroaches (D:2)
  6 goblins
  3 hobgoblins (D:2)
  11 jackals
  11 kobolds
  2 quokkas (D:1)
  9 ball pythons
  4 bats
  6 frilled lizards
  5 rats
83 creatures vanquished.

Vanquished Creatures (others)
  24 plants (D:3)
24 creatures vanquished.

Grand Total: 107 creatures vanquished

Notes
Turn   | Place    | Note
-------+----------+-------------------------------------------
     0 | D:1      | freelancePsychic the Demonspawn Hedge Wizard began the
                  | quest for the Orb.
     0 | D:1      | Reached XP level 1. HP: 13/13 MP: 4/4
   315 | D:1      | Gained mutation: You regenerate magic rapidly. [demonic
                  | ancestry]
   315 | D:1      | Reached XP level 2. HP: 15/20 MP: 3/6
   438 | D:1      | Reached skill level 1 in Fighting
   867 | D:1      | Reached skill level 1 in Short Blades
  1178 | D:1      | Reached XP level 3. HP: 23/26 MP: 7/7
  1316 | D:1      | Found a faded altar of an unknown god.
  2542 | D:2      | Reached skill level 1 in Earth Magic
  2547 | D:2      | Learned a level 1 spell: Sandblast
  2861 | D:3      | Noticed an ogre
  3082 | D:3      | Reached XP level 4. HP: 30/33 MP: 5/8
  3426 | D:3      | Learned a level 3 spell: Stone Arrow
  3598 | D:3      | Found a stormy altar of Qazlal.
  3920 | D:4      | Gained mutation: You are partially covered in razor-sharp
                  | scales. (AC +1, Slay +1) [demonic ancestry]
  3920 | D:4      | Reached XP level 5. HP: 38/39 MP: 7/9
  4049 | D:4      | Killed by an exploding orc... ignited by their inner flame

Illustrated notes

Levels and vault maps discovered:
D:1:      lightli_arrival_noodles, layout_loops_cross,
          dilly_ecumenical_altar_fadedgnrine, minmay_box_of_dots
D:2:      layout_loops_ring, minmay_tetromino_o4
D:3:      layout_rooms, mainiacjoe_overflow_catwalk, serial_bayou_pond_c,
          lexackson_kobold_supper
D:4:      layout_loops_corners

Skill      XL: |  1  2  3  4 |
---------------+-------------+-----
Fighting       | 1 2 |  2.5
Short Blades   | 1 |  1.4
Conjurations   | 2 |  2.6
Earth Magic    | 1 2 |  2.3
Dodging        | |  1.7
Stealth        | |  1.7
Spellcasting   | |  3.0
Summonings     | |  1.0
Translocations | |  0.8

Action                   |  1- 3 |  4- 6 || total
-------------------------+-------+-------++-------
Melee: Dagger            |   109 |    84 ||   193
       Punch             |       |     1 ||     1
 Cast: Magic Dart        |    58 |    13 ||    71
       Sandblast         |       |    16 ||    16
  Use: Potion            |     2 |     5 ||     7
       Scroll            |     4 |     6 ||    10
 Stab: Invisible         |     1 |       ||     1
Armor: Robe              |    24 |    20 ||    44
       Swamp dragon scal |       |    21 ||    21
Dodge: Dodged            |    65 |    75 ||   140

Table legend: (Time is in decaauts)
 A = Elapsed time spent in this place.
 B = Non-inter-level travel time spent in this place.
 C = Inter-level travel time spent in this place.
 D = Time resting spent in this place.
 E = Time spent auto-exploring this place.
 F = Levels seen in this place.
 G = Mean time per level.
                   A        B        C        D        E       F      G
               +--------+--------+--------+--------+--------+-----+--------+
         Total |   4038 |   3858 |    180 |    244 |   2885 |   4 | 1009.5 |
       Dungeon |   4038 |   3858 |    180 |    244 |   2885 |   4 | 1009.5 |
               +--------+--------+--------+--------+--------+-----+--------+

Top non-repeatable levels by time:
     D:2: 1608 daAuts
     D:1: 1530 daAuts
     D:3: 764 daAuts
     D:4: 135 daAuts
